 Dungeon Crawl Stone Soup version 0.26-a0-651-gb41185065b (webtiles) character file.

Game seed: 10395897474283708054

125 Ozzies the Skirmisher (level 5, -4/35 HPs)
             Began as a Gargoyle Fighter on Oct 14, 2020.
             Killed by nerve-wracking pain
             ... invoked by Grinder
              (6 damage)
             ... while paralysed by Grinder
             ... on level 3 of the Dungeon.
             The game lasted 00:01:31 (1687 turns).

Ozzies the Skirmisher (Gargoyle Fighter)            Turns: 1687, Time: 00:01:31

Health: -4/35      AC: 10    Str: 20    XL:     5   Next: 9%
Magic:  5/5        EV:  2    Int:  9    God:
Gold:   137        SH:  0    Dex:  9    Spells: 4/4 levels left

rFire    . . .     SeeInvis .   a - +0 flail
rCold    . . .     Faith    .   c - +0 kite shield
rNeg     + . .     Spirit   .   b - +0 scale mail
rPois    ∞         Reflect  .   (no helmet)
rElec    +         Harm     .   (no cloak)
rCorr    .         Rampage  .   (no gloves)
MR       .....                  (no boots)
Stlth    ..........             (no amulet)
HPRegen  0.11/turn              (no ring)
MPRegen  0.09/turn              (no ring)

@: paralysed
A: negative energy resistance 1, electricity resistance, unbreathing,
petrification resistance, rot immunity, AC +4
a: no special abilities


You were on level 3 of the Dungeon.
You visited 1 branch of the dungeon, and saw 3 of its levels.

You collected 137 gold pieces.

Inventory:

Hand Weapons
 a - a +0 flail (weapon)
Missiles
 j - 66 stones (quivered)
Armour
 b - a +0 scale mail (worn)
 c - a +0 kite shield (worn)
Scrolls
 h - a scroll of immolation {unknown}
 i - 2 scrolls of amnesia {unknown}
 k - 4 scrolls of teleportation {unknown}
 l - a scroll of magic mapping {unknown}
 m - 4 scrolls of blinking {unknown}
 n - 2 scrolls of enchant armour {unknown}
 p - a scroll of identify {unknown}
Potions
 d - 3 potions of might {@q3 !q}
 e - 4 potions of curing {unknown}
 f - a potion of haste {unknown}
 g - a potion of flight {unknown}
 o - a potion of stabbing {unknown}
 q - 3 potions of brilliance {unknown}


   Skills:
 * Level 5.4 Fighting
 + Level 3.2 Maces & Flails
 - Level 3.2 Armour
 - Level 3.2 Shields


You had 4 spell levels left.
You didn't know any spells.
Your spell library was empty.

Dungeon Overview and Level Annotations

Branches:
Dungeon (3/15)

Altars:
Elyvilon
Yredelemnul

Annotations:
D:3 Grinder


Innate Abilities, Weirdness & Mutations

You are resistant to torment.
Your stone body is resilient. (AC +4)
You are immune to poison.
You resist negative energy. (rN+)
You are resistant to electric shocks. (rElec)
You can survive without breathing.
You are immune to petrification.
You are immune to rotting.


Message History

No target in view!
No target in view!
No target in view!
No target in view!
No target in view!
No target in view!
No target in view!
No target in view!
No target in view!
Grinder is nearby!
Found a stone staircase leading down.
Grinder barely misses you.
You barely miss Grinder.
Grinder is moderately wounded.
Grinder hits you.
You writhe in agony.
Grinder says, "There's only one good use for a tongue: cutting it out."
Grinder hits you.
You writhe in agony.
You closely miss Grinder.
Grinder is moderately wounded.
Grinder gestures at you. You resist with significant effort.
You closely miss Grinder.
Grinder is moderately wounded.
Grinder hits you but does no damage.
You hit Grinder.
Grinder is moderately wounded.
Grinder hits you but does no damage. You block Grinder's attack.
You hit Grinder.
Grinder is heavily wounded.
Grinder blinks!
Grinder says, "Don't move a muscle."
Grinder blinks!
You hit Grinder but do no damage.
Grinder is moderately wounded.
Grinder gestures at you. Pain shoots through your body!
Grinder gestures at you.
You suddenly lose the ability to move!
Grinder gestures at you.
You shrug off the repeated paralysis!
Grinder hits you but does no damage. x2
Grinder hits you.
You writhe in agony.
Grinder hits you.
You can move again.
You are too injured to fight recklessly!
You are too injured to fight recklessly!
You are too injured to fight recklessly!
You are too injured to fight recklessly!
You are too injured to fight recklessly!
You are too injured to fight recklessly!
You are too injured to fight recklessly!
You are too injured to fight recklessly!
You are too injured to fight recklessly!
You are too injured to fight recklessly!
You are too injured to fight recklessly!
You are too injured to fight recklessly!
You are too injured to fight recklessly!
You are too injured to fight recklessly!
You are too injured to fight recklessly!
You are too injured to fight recklessly!
You are too injured to fight recklessly!
You are too injured to fight recklessly!
You are too injured to fight recklessly!
Your shield and scale mail prevent you from hitting Grinder.
Grinder is moderately wounded.
Grinder hits you but does no damage.
You hit Grinder but do no damage.
Grinder is moderately wounded.
Grinder hits you.
You writhe in agony.
You closely miss Grinder.
Grinder is moderately wounded.
Grinder gestures at you. Pain shoots through your body!
* * * LOW HITPOINT WARNING * * *
Grinder hits you but does no damage.
You hit Grinder.
Grinder is heavily wounded.
Grinder hits you but does no damage.
You sock Grinder!
Grinder is severely wounded.
Grinder closely misses you.
You sock Grinder!
Grinder is almost dead.
Grinder hits you.
* * * LOW HITPOINT WARNING * * *
Grinder blinks!
Grinder gestures at you.
You suddenly lose the ability to move!
You can move again.
Grinder gestures at you.
You barely resist.
Unknown command.
Grinder hits you but does no damage.
You barely miss Grinder.
Grinder is almost dead.
Grinder gestures at you.
You suddenly lose the ability to move!
Grinder gestures at you. Pain shoots through your body!
You die...

# .# ###.
#..
##.######.##
#...@5.>...#
#..######..#
#..# #..#
#..## #.[)#
.## #.#.#
..# #.#<#
#.# #.#.# .#
#.#


You could see Grinder.

Vanquished Creatures
  An orc wizard (D:3)
  4 adders (D:2)
  A worm (D:2)
  3 dart slugs
  A leopard gecko (D:1)
  3 orcs (D:3)
  3 bats (D:1)
  2 giant cockroaches
  3 goblins
  8 hobgoblins (D:1)
  A quokka (D:2)
  A ball python (D:1)
  2 frilled lizards
  9 kobolds
  4 rats
46 creatures vanquished.

Notes
Turn   | Place    | Note
-------+----------+-------------------------------------------
     0 | D:1      | Ozzies the Gargoyle Fighter began the quest for the Orb.
     0 | D:1      | Reached XP level 1. HP: 14/14 MP: 1/1
   160 | D:1      | Reached XP level 2. HP: 20/20 MP: 2/2
   305 | D:1      | Reached skill level 4 in Fighting
   432 | D:1      | Reached XP level 3. HP: 24/24 MP: 3/3
   815 | D:2      | Reached XP level 4. HP: 22/30 MP: 4/4
  1000 | D:2      | Found a basalt altar of Yredelemnul.
  1075 | D:2      | Found a white marble altar of Elyvilon.
  1279 | D:2      | Reached skill level 5 in Fighting
  1459 | D:3      | Reached XP level 5. HP: 31/35 MP: 5/5
  1471 | D:3      | Noticed Grinder
  1670 | D:3      | Paralysed by Grinder for 6 turns
  1681 | D:3      | HP: 1/35 [Grinder (6)]
  1682 | D:3      | Paralysed by Grinder for 2 turns
  1686 | D:3      | Paralysed by Grinder for 6 turns
  1687 | D:3      | Killed from afar by Grinder

Illustrated notes

Levels and vault maps discovered:
D:1:      shiori_shiawase, layout_loops_cross
D:2:      layout_rooms, kennysheep_ying_yang
D:3:      layout_loops_ring, minivault_24, uniq_grinder

Skill      XL: |  1  2  3  4 |
---------------+-------------+-----
Fighting       | 4 5 |  5.4
Maces & Flails | 3 |  3.2
Armour         | |  3.2
Shields        | |  3.2

Action                   |  1- 3 |  4- 6 || total
-------------------------+-------+-------++-------
Melee: Flail             |   107 |    75 ||   182
Armor: Scale mail        |    46 |    42 ||    88
Dodge: Dodged            |    40 |    23 ||    63
Block: Kite shield       |    48 |    36 ||    84

Table legend: (Time is in decaauts)
 A = Elapsed time spent in this place.
 B = Non-inter-level travel time spent in this place.
 C = Inter-level travel time spent in this place.
 D = Time resting spent in this place.
 E = Time spent auto-exploring this place.
 F = Levels seen in this place.
 G = Mean time per level.
                   A        B        C        D        E       F      G
               +--------+--------+--------+--------+--------+-----+--------+
         Total |   1751 |   1730 |     21 |    178 |   1173 |   3 |  583.7 |
       Dungeon |   1751 |   1730 |     21 |    178 |   1173 |   3 |  583.7 |
               +--------+--------+--------+--------+--------+-----+--------+

Top non-repeatable levels by time:
     D:2: 832 daAuts
     D:1: 818 daAuts
     D:3: 101 daAuts
